 Dungeon Crawl Stone Soup version 0.30.0-11-gf55b779eaf (webtiles) character file.

Game seed: 2799651465516778907

2872 Renzlar the Blocker (level 9, -16/74 HPs)
             Began as a Gnoll Fighter on May 15, 2023.
             Was a Priest of Okawaru.
             Demolished by a white ugly thing (30 damage)
             ... on level 7 of the Dungeon on May 16, 2023.
             The game lasted 00:31:15 (6658 turns).

Renzlar the Blocker (Gnoll Fighter)                 Turns: 6658, Time: 00:31:16

Health: -16/74     AC: 14    Str: 19    XL:     9   Next: 76%
Magic:  14/16      EV: 17    Int:  9    God:    Okawaru [***...]
Gold:   405        SH:  8    Dex: 17    Spells: 17/17 levels left

rFire   . . .        x - +2 mace (drain)
rCold   . . .        f - +0 buckler
rNeg    . . .        A - +0 acid dragon scales
rPois   .            r - +2 helmet
rElec   .            (no cloak)
rCorr   +            F - +0 pair of gloves
SInv    +            (no boots)
Will    .....        (no amulet)
Stlth   ++++         s - +6 ring of dexterity
HPRegen 0.32/turn    k - ring of see invisible
MPRegen 0.15/turn

%: no passive effects
@: mighty, heroic
A: fangs 1, strong nose, distributed training
a: Renounce Religion, Heroism


You were on level 7 of the Dungeon.
You worshipped Okawaru.
Okawaru was most pleased with you.
You visited 1 branch of the dungeon, and saw 7 of its levels.

You collected 405 gold pieces.

Inventory:

Hand Weapons
 a - a +3 war axe of protection
 c - a +0 sling
 d - a +2 trident of freezing
 e - a +4 dagger
 x - a +2 mace of draining (weapon)
Missiles
 u - 7 poisoned darts
 D - a throwing net
Armour
 b - a +1 scale mail
 f - a +0 buckler (worn)
 q - a +2 ring mail of fire resistance
 r - a +2 helmet (worn)
 A - +0 acid dragon scales (worn)
 F - a +0 pair of gloves (worn)
Jewellery
 k - a ring of see invisible (right hand)
 p - a ring of positive energy
 s - a +6 ring of dexterity (left hand)
 E - a ring of resist corrosion
Wands
 o - a wand of light (11)
 C - a wand of mindburst (15)
Scrolls
 l - 2 scrolls of magic mapping
 w - a scroll of silence
 y - 2 scrolls of enchant weapon
 z - 2 scrolls of teleportation
Potions
 g - a potion of magic
 h - 5 potions of curing
 i - 4 potions of heal wounds
 j - a potion of cancellation
 m - a potion of berserk rage
 n - a potion of flight {unknown}
 t - a potion of might
 v - a potion of haste {unknown}
 B - 2 potions of lignification {unknown}


   Skills:
 + Level 8.2(13.2) Fighting
 + Level 4.7(9.7) Short Blades
 + Level 4.7(9.7) Long Blades
 + Level 6.6(11.6) Axes
 + Level 4.7(9.7) Maces & Flails
 + Level 4.7(9.7) Polearms
 + Level 4.7(9.7) Staves
 + Level 4.7(9.7) Ranged Weapons
 + Level 4.7(9.7) Throwing
 + Level 8.2(13.2) Armour
 + Level 4.7(9.7) Dodging
 + Level 4.7(9.7) Stealth
 + Level 8.2(13.2) Shields
 + Level 4.7(9.7) Unarmed Combat
 + Level 4.7 Spellcasting
 + Level 3.9 Conjurations
 + Level 3.9 Hexes
 + Level 3.9 Summonings
 + Level 3.9 Necromancy
 + Level 3.9 Translocations
 + Level 3.9 Transmutations
 + Level 3.9 Fire Magic
 + Level 3.9 Ice Magic
 + Level 3.9 Air Magic
 + Level 3.9 Earth Magic
 + Level 3.9 Poison Magic
 + Level 5.2 Invocations
 + Level 4.7 Evocations


You had 17 spell levels left.
You didn't know any spells.
Your spell library contained the following spells:

 Spells                   Type           Power      Damage    Failure   Level
 Apportation              Tloc           18%        N/A       7%          1
 Necrotise                Necr           36%        1d5       7%          1
 Scorch                   Fire           18%        2d5       11%         2
 Flame Wave               Conj/Fire      9%         2d6       56%         4
 Summon Small Mammal      Summ           Unusable   N/A       N/A         1
 Summon Cactus Giant      Summ           Unusable   N/A       N/A         6

Dungeon Overview and Level Annotations

Branches:
Dungeon (7/15)             Temple (0/1) D:6

Altars:
Cheibriados
Okawaru
Sif Muna
Trog
Uskayaw


Innate Abilities, Weirdness & Mutations

You have very sharp teeth.
Your uncanny sense of smell can sniff out nearby items.
Your experience applies equally to all skills.


Message History

You hear a horrible gurgling sound!
The gargoyle hits you with a +0 mace.
You hit the gargoyle but do no damage.
The gargoyle is moderately damaged.
The gargoyle hurls a stone arrow at you.
The stone arrow hits you!
You slash the gargoyle!
The gargoyle is severely damaged.
The gargoyle hits you but does no damage.
The gargoyle hits you with a +0 mace.
You hit the gargoyle but do no damage.
The gargoyle is severely damaged.
The gargoyle hits you with a +0 mace!
You hit the gargoyle but do no damage.
You bite the gargoyle, but do no damage.
The gargoyle is severely damaged.
You hear a horrible gurgling sound!
The gargoyle hits you with a +0 mace.
A white ugly thing comes into view.
You hit the gargoyle but do no damage.
You bite the gargoyle, but do no damage.
The gargoyle is severely damaged.
You block the gargoyle's attack.
You hit the gargoyle but do no damage.
The gargoyle is severely damaged.
The gargoyle misses you.
You hit the gargoyle.
The gargoyle is severely damaged.
The gargoyle hits you but does no damage.
Your +3 war axe of protection goes still.
You sense an unholy aura.
x - a +2 mace of draining (weapon)
You gain the combat prowess of a mighty hero.
The white ugly thing tail-slaps you. The white ugly thing freezes you!!
* * * LOW HITPOINT WARNING * * *
You feel very mighty all of a sudden. The white ugly thing tail-slaps you.
* * * LOW HITPOINT WARNING * * *
The white ugly thing freezes you!!
You die...

........................
.##.....†...)......[...
#.###'#####'#####+### #
#..##.....#.....#
###.#.#.....#.8.8.#
+.....+..#..'..8..+
#.#.###.....#.8.8.#
##..# #.....#.....# ##@#
###+#####'### #u## ..# ∆
#.9 ∆∆∆ ..Y# +.# ∆ ∆∆ ∆
+.#?$ #. ∆∆∆ #y##. ## #!
.. # ##


You could see a white ugly thing and a gargoyle.

Vanquished Creatures
  A deep elf pyromancer (D:7)
  Maggie (D:6)
  A yak (D:7)
  Menkaure (D:6)
  Duvessa (D:6)
  2 ice beasts
  2 black bears (D:6)
  3 ogres
  A phantom (D:7)
  A gnoll sergeant (D:6)
  2 scorpions
  Dowan (D:6)
  2 wights (D:7)
  A gnoll bouda (D:6)
  4 hounds
  2 jellies
  An orc priest (D:6)
  An iguana (D:6)
  3 orc wizards
  Robin (D:3)
  16 gnolls
  12 adders
  2 ufetubi
  3 worms
  4 dart slugs
  20 orcs
  9 ball pythons
  2 bats
  4 endoplasms
  3 giant cockroaches (D:1)
  10 hobgoblins
  8 jackals
  4 kobolds
  3 quokkas
  3 frilled lizards
  19 goblins
  7 rats
161 creatures vanquished.

Notes
Turn   | Place    | Note
-------+----------+-------------------------------------------
     0 | D:1      | Renzlar the Gnoll Fighter began the quest for the Orb.
     0 | D:1      | Reached XP level 1. HP: 23/23 MP: 1/1
   125 | D:1      | Reached XP level 2. HP: 29/29 MP: 2/2
   524 | D:1      | Reached XP level 3. HP: 32/35 MP: 3/3
   823 | D:1      | Reached skill level 1 in Invocations
  1110 | D:2      | Reached skill level 1 in Short Blades
  1110 | D:2      | Reached skill level 1 in Long Blades
  1110 | D:2      | Reached skill level 1 in Maces & Flails
  1110 | D:2      | Reached skill level 1 in Polearms
  1110 | D:2      | Reached skill level 1 in Staves
  1110 | D:2      | Reached skill level 1 in Ranged Weapons
  1110 | D:2      | Reached skill level 1 in Throwing
  1110 | D:2      | Reached skill level 1 in Dodging
  1110 | D:2      | Reached skill level 1 in Stealth
  1110 | D:2      | Reached skill level 1 in Unarmed Combat
  1110 | D:2      | Reached skill level 1 in Spellcasting
  1110 | D:2      | Reached skill level 1 in Evocations
  1112 | D:2      | Reached XP level 4. HP: 41/41 MP: 5/5
  1286 | D:2      | Upgraded the game from 0.30.0-10-gfe55d96785 to
                  | 0.30.0-11-gf55b779eaf
  1371 | D:2      | Reached skill level 1 in Conjurations
  1371 | D:2      | Reached skill level 1 in Hexes
  1371 | D:2      | Reached skill level 1 in Summonings
  1371 | D:2      | Reached skill level 1 in Necromancy
  1371 | D:2      | Reached skill level 1 in Translocations
  1371 | D:2      | Reached skill level 1 in Transmutations
  1371 | D:2      | Reached skill level 1 in Fire Magic
  1371 | D:2      | Reached skill level 1 in Ice Magic
  1371 | D:2      | Reached skill level 1 in Air Magic
  1371 | D:2      | Reached skill level 1 in Earth Magic
  1371 | D:2      | Reached skill level 1 in Poison Magic
  2355 | D:3      | Reached XP level 5. HP: 46/47 MP: 7/7
  2468 | D:3      | Noticed Robin
  2475 | D:3      | Killed Robin
  2611 | D:3      | Found a faded altar of an unknown god.
  2707 | D:3      | Reached XP level 6. HP: 40/53 MP: 8/8
  3300 | D:4      | Reached skill level 5 in Axes
  3598 | D:4      | Found a shimmering blue altar of Sif Muna.
  3648 | D:4      | Found an iron altar of Okawaru.
  3651 | D:4      | Became a worshipper of Warmaster Okawaru
  4140 | D:5      | Entered Level 5 of the Dungeon
  4376 | D:5      | Reached XP level 7. HP: 39/60 MP: 10/10
  4547 | D:5      | Found a bloodstained altar of Trog.
  4784 | D:5      | Found a hide-covered altar of Uskayaw.
  4919 | D:6      | Identified the +0 quarterstaff of the Wicked God
                  | {antimagic, Dex+5}
  4931 | D:6      | Noticed Menkaure
  4947 | D:6      | Killed Menkaure
  4947 | D:6      | Reached * piety under Okawaru
  5037 | D:6      | Found a staircase to the Ecumenical Temple.
  5051 | D:6      | Reached XP level 8. HP: 67/67 MP: 12/12
  5456 | D:6      | Noticed Duvessa
  5456 | D:6      | Noticed Dowan
  5475 | D:6      | Killed Duvessa
  5483 | D:6      | Killed Dowan
  5612 | D:6      | Found a snail-covered altar of Cheibriados.
  5693 | D:6      | Noticed Maggie
  5718 | D:6      | Killed Maggie
  5718 | D:6      | Reached ** piety under Okawaru
  5974 | D:6      | Reached XP level 9. HP: 73/73 MP: 14/14
  6526 | D:7      | Noticed a hornet
  6598 | D:7      | Reached *** piety under Okawaru
  6637 | D:7      | Noticed a deep elf pyromancer
  6645 | D:7      | Killed a deep elf pyromancer
  6646 | D:7      | Reached skill level 5 in Invocations
  6646 | D:7      | Noticed a gargoyle
  6653 | D:7      | Noticed a white ugly thing
  6658 | D:7      | Demolished by a white ugly thing

Illustrated notes

Levels and vault maps discovered:
D:1:      minmay_arrival_arboretum_large, layout_loops_corners, st_stairs_9
D:2:      layout_basic, wad_woods_river_04
D:3:      kennysheep_goblin_castle, layout_loops_ring,
          shapermc_ecumenical_altar_acropolis, minmay_fractal_squares_diagonal_5
D:4:      layout_gridville, kennysheep_mini_moat,
          mainiacjoe_overflow_surrounded_room
D:5:      layout_rooms, mainiacjoe_overflow_concentric_impassable,
          mainiacjoe_overflow_alcove_1
D:6:      layout_loops_ring, cheibrodos_worm_habitat,
          minmay_temple_entry_glassed_door, uniq_menkaure, uniq_duvessa,
          uniq_maggie
D:7:      minmay_the_grid_square_5x5_3x3 [minmay_the_grid_square_5x5_hourglass,
          minmay_the_grid_square_5x5_one_wall,
          minmay_the_grid_square_5x5_shrine1,
          minmay_the_grid_square_5x5_misaligned,
          minmay_the_grid_square_5x5_megaprize_open,
          minmay_the_grid_square_5x5_inset,
          minmay_the_grid_square_5x5_half_checkered,
          minmay_the_grid_square_5x5_two, minmay_the_grid_square_5x5_three],
          layout_rooms

Skill      XL: |  1  2  3  4  5  6  7  8  9 |
---------------+----------------------------+-----
Invocations    | 1 2 3 4 5 |  5.2
Short Blades   | 1 2 3 4 |  4.7
Long Blades    | 1 2 3 4 |  4.7
Maces & Flails | 1 2 3 4 |  4.7
Polearms       | 1 2 3 4 |  4.7
Staves         | 1 2 3 4 |  4.7
Ranged Weapons | 1 2 3 4 |  4.7
Throwing       | 1 2 3 4 |  4.7
Dodging        | 1 2 3 4 |  4.7
Stealth        | 1 2 3 4 |  4.7
Unarmed Combat | 1 2 3 4 |  4.7
Spellcasting   | 1 2 3 4 |  4.7
Evocations     | 1 2 3 4 |  4.7
Conjurations   | 1 2 3 |  3.9
Hexes          | 1 2 3 |  3.9
Summonings     | 1 2 3 |  3.9
Necromancy     | 1 2 3 |  3.9
Translocations | 1 2 3 |  3.9
Transmutations | 1 2 3 |  3.9
Fire Magic     | 1 2 3 |  3.9
Ice Magic      | 1 2 3 |  3.9
Air Magic      | 1 2 3 |  3.9
Earth Magic    | 1 2 3 |  3.9
Poison Magic   | 1 2 3 |  3.9
Axes           | 5 6 |  6.6
Fighting       | 7 8 |  8.2
Armour         | 7 8 |  8.2
Shields        | 7 8 |  8.2

Action                     |  1- 3 |  4- 6 |  7- 9 || total
---------------------------+-------+-------+-------++-------
  Melee: War axe           |    41 |   182 |    66 ||   289
         Bite              |     4 |    13 |    27 ||    44
         Trident           |       |    20 |       ||    20
         Mace              |       |       |   141 ||   141
   Fire: Sling             |    76 |   107 |    67 ||   250
 Invoke: Heroism           |       |       |     2 ||     2
    Use: Scroll            |     3 |    13 |     3 ||    19
         Potion            |       |       |     3 ||     3
 Armour: Scale mail        |    45 |   107 |    43 ||   195
         Acid dragon scale |       |       |    40 ||    40
  Dodge: Dodged            |    35 |   103 |   105 ||   243
  Block: Buckler           |    22 |    70 |    74 ||   166
